 Dungeon Crawl Stone Soup version 0.30.0-29-ga12c61a403 (webtiles) character file.

Game seed: 8614143453970066212

170 Graphine the Ducker (level 5, 0/42 HPs)
             Began as a Merfolk Gladiator on June 17, 2023.
             Slain by a lemure (4 damage)
             ... led by Pikel
             ... on level 4 of the Dungeon.
             The game lasted 00:04:51 (2561 turns).

Graphine the Ducker (Merfolk Gladiator)             Turns: 2561, Time: 00:04:52

Health: 0/42       AC:  8    Str: 14    XL:     5   Next: 51%
Magic:  5/5        EV: 14    Int:  5    God:
Gold:   209        SH:  4    Dex: 20    Spells: 4/4 levels left

rFire   + . .        a - +1 long sword
rCold   . . .        n - +0 buckler
rNeg    . . .        l - +3 leather armour of Glamorous the Leaf {Regen+ Dex+2}
rPois   .            c - +0 helmet
rElec   .            (no cloak)
rCorr   +            r - +0 pair of gloves
SInv    .            (no boots)
Will    .....        (no amulet)
Stlth   +            q - ring of resist corrosion
HPRegen 1.07/turn    (no ring)
MPRegen 0.09/turn

%: no passive effects
@: about to teleport
A: (nimble swimmer 2), mertail, dopey 1, fire resistance 1, mutation resistance
1, sense surroundings 1
a: no special abilities


You were on level 4 of the Dungeon.
You visited 1 branch of the dungeon, and saw 4 of its levels.

You collected 209 gold pieces.

Inventory:

Hand Weapons
 a - a +1 long sword (weapon)
Missiles
 d - 3 throwing nets (quivered)
 h - a javelin
Armour
 c - a +0 helmet (worn)
 e - a +1 ring mail of fire resistance
 l - the +3 leather armour of Glamorous the Leaf (worn) {Regen+ Dex+2}
   (You found it on level 3 of the Dungeon)

   Dex:       It affects your dexterity (+2).
   Regen:     It increases your rate of health regeneration.
 n - a +0 buckler (worn)
 r - a +0 pair of gloves (worn)
Jewellery
 q - a ring of resist corrosion (left hand)
Scrolls
 f - a scroll of immolation
 o - a scroll of summoning
Potions
 b - 2 potions of invisibility {unknown}
 g - 2 potions of flight
 i - 4 potions of curing {unknown}
 k - 2 potions of brilliance {unknown}
 m - 2 potions of might {unknown}


   Skills:
 * Level 3.8 Fighting
 * Level 5.1 Long Blades
 - Level 2.1 Throwing
 * Level 5.5 Dodging


You had 4 spell levels left.
You didn't know any spells.
Your spell library contained the following spells:

 Spells                   Type           Power      Damage    Failure   Level
 Gell's Gravitas          Tloc           0%         N/A       95%         3
 Teleport Other           Tloc           0%         N/A       95%         3
 Dispersal                Tloc           0%         N/A       100%        6


Dungeon Overview and Level Annotations

Branches:
Dungeon (4/15)
 Temple: D:4-7

Altars:
Dithmenos

Annotations:
D:4 Pikel


Innate Abilities, Weirdness & Mutations

((You are very nimble when in or above water. (Stealth+, EV+, Speed+++)))
Your lower body shifts to a powerful aquatic tail in water.
You are dopey. (Int -2)
Your flesh is heat resistant. (rF+)
You are somewhat resistant to further mutation.
You passively map a small area around you.


Message History

You barely miss the adder.
The adder is severely wounded.
The adder bites you but does no damage.
You hit the adder.
You kill the adder!
No target in view! 3 lemures and a giant cockroach come into view.
The lemure shouts! x2
Pikel, Merchant of Souls comes into view.
He is wielding a +0 whip of freezing.
The giant cockroach moves out of view.
A lemure comes into view.
The lemure shouts! x2
Pikel closely misses you. The lemure barely misses you.
The giant cockroach waves its antennae.
You hit Pikel but do no damage. The lemure hits you but does no damage.
Pikel drinks a potion.
Pikel goes berserk!
The lemure misses you. The lemure hits you but does no damage.
You block the lemure's attack.
Pikel hits you with a +0 whip of freezing.
Pikel freezes you. You block the lemure's attack.
You hit Pikel.
Pikel is lightly wounded.
You block Pikel's attack. You block the lemure's attack. The lemure misses you.
You block the lemure's attack.
You hit Pikel but do no damage.
Pikel is lightly wounded.
Pikel closely misses you.
Pikel hits you with a +0 whip of freezing!
Pikel freezes you. The lemure hits you but does no damage. The lemure hits you.
The lemure closely misses you.
Okay, then.
As you read the scroll of teleportation, it crumbles to dust.
You feel strangely unstable.
Pikel hits you with a +0 whip of freezing!
* * * LOW HITPOINT WARNING * * *
Pikel freezes you.
* * * LOW HITPOINT WARNING * * *
The lemure closely misses you. The lemure hits you.
* * * LOW HITPOINT WARNING * * *
The lemure hits you.
You die...

.....# #.............#
, .....#
###.....########
.....#####.....#.......
...............#......
...............#..... ,
, ...............#...#
, #+########.....#...#
, * * , #.....#55.##...
* *, ,
,,,,+......@K5.....,, ,
, #.....##5B...## * ,,
, ###....*.....# , ,
#.... .....+ , *
#....#.....# , , ,
#....#.....# , ,
#....#.....# , * #...
.....# , ,,


You could see Pikel (berserk), 4 lemures and a giant cockroach.

Vanquished Creatures
  An orc wizard (D:3)
  A sleepcap (D:3)
  2 adders
  4 gnolls (D:3)
  2 worms
  A dart slug (D:1)
  4 orcs (D:3)
  5 ball pythons
  4 endoplasms
  3 giant cockroaches
  7 goblins
  2 hobgoblins
  3 kobolds
  3 quokkas
  3 bats
  5 frilled lizards
  4 rats
54 creatures vanquished.

Notes
Turn   | Place    | Note
-------+----------+-------------------------------------------
     0 | D:1      | Graphine the Merfolk Gladiator began the quest for the Orb.
     0 | D:1      | Reached XP level 1. HP: 16/16 MP: 1/1
   276 | D:1      | Reached XP level 2. HP: 23/23 MP: 2/2
   701 | D:2      | Reached XP level 3. HP: 25/28 MP: 3/3
  1338 | D:2      | Gained mutation: You passively map a small area around you.
                  | [potion of mutation]
  1338 | D:2      | Gained mutation: Your flesh is heat resistant. (rF+)
                  | [potion of mutation]
  1338 | D:2      | Gained mutation: You are dopey. (Int -2) [potion of
                  | mutation]
  1338 | D:2      | Gained mutation: You are somewhat resistant to further
                  | mutation. [potion of mutation]
  1443 | D:3      | Reached skill level 5 in Dodging
  1443 | D:3      | Reached XP level 4. HP: 31/35 MP: 4/4
  1504 | D:3      | Identified the +3 leather armour of Glamorous the Leaf
                  | {Regen+ Dex+2}
  1513 | D:3      | Identified the orb "Nogeetaho" {light, rElec Will+}
  1802 | D:3      | Reached XP level 5. HP: 41/41 MP: 5/5
  1830 | D:3      | Reached skill level 5 in Long Blades
  2289 | D:3      | Found a shadowy altar of Dithmenos.
  2555 | D:4      | Noticed a lemure
  2555 | D:4      | Noticed a lemure
  2555 | D:4      | Noticed a lemure
  2555 | D:4      | Noticed Pikel
  2556 | D:4      | Noticed a lemure
  2561 | D:4      | Slain by a lemure

Illustrated notes

Levels and vault maps discovered:
D:1:      roderic_octagonal_star, layout_basic, minmay_pentomino_r4
D:2:      layout_basic, minmay_small_reverse_x
D:3:      layout_loops_ring, general_overflow_altar
D:4:      layout_basic, mainiacjoe_overflow_catwalk, uniq_menkaure, uniq_pikel

Skill      XL: |  1  2  3  4  5 |
---------------+----------------+-----
Long Blades    | 4 5 |  5.1
Fighting       | 3 |  3.8
Dodging        | 5 |  5.5
Throwing       | |  2.1

Action                     |  1- 3 |  4- 6 || total
---------------------------+-------+-------++-------
  Melee: Long sword        |    98 |    77 ||   175
  Throw: Javelin           |     1 |       ||     1
    Use: Scroll            |     8 |     3 ||    11
         Potion            |     1 |       ||     1
   Stab: Distracted        |     1 |       ||     1
         Sleeping          |       |     1 ||     1
 Armour: Leather armour    |    24 |    11 ||    35
         Ring mail         |       |    14 ||    14
  Dodge: Dodged            |    68 |    50 ||   118
  Block: Buckler           |    14 |    22 ||    36
